cohdb
Replays
Latest Replays
All Replays
Popular Replays
Top Player Replays
Match Explorer
How It Works
Community
CoH3 Stats
Reddit
Sign in to upload your games and track your stats! →
Sign in with Steam
Match 44298993
Unlisted
Match 44298993
Overview
Messages
Build Orders
End
Selects Australian Defense Battlegroup
Selects Australian Light Infantry Section
Australian Light Infantry Section
Construct Section Command Post
Dingo Light Scout Car
Infantry Section
Australian Light Infantry Section
Construct Platoon Command Post
Construct Field Infirmary
Selects CMP 15cwt Supply Run
Selects 2-pounder Anti-tank Gun Team
Humber Armored Car
Infantry Training
2-pounder Anti-tank Gun Team
Chieftain
Yoddha
cocopang
matvei
GruZ
KyrSor
0
0
Comments
sign in to comment!
No comments posted yet!